 Dungeon Crawl Stone Soup version 0.23.2-1-ga50397a (webtiles) character file.

Game seed: 1865172519434618364

2312 Fang the Skirmisher (level 9, -5/57 HPs)
             Began as a Gargoyle Berserker on May 13, 2019.
             Was an Elder of Trog.
             Hit by a large rock thrown by a cyclops (37 damage)
             ... on level 8 of the Dungeon.
             The game lasted 00:10:54 (6906 turns).

Fang the Skirmisher (Gargoyle Berserker)            Turns: 6906, Time: 00:10:55

Health: -5/57      AC: 20    Str: 23    XL:     9   Next: 41%
Magic:  9/9        EV:  8    Int:  9    God:    Trog [****..]
Gold:   294        SH:  0    Dex:  9    Spells: 8/8 levels left

rFire    . . .     SeeInvis +   a - +0 war axe
rCold    . . .     Gourm    .   (no shield)
rNeg     + . .     Faith    .   b - +0 plate armour
rPois    ∞         Spirit   .   (no helmet)
rElec    +         Reflect  .   k - +0 cloak {MR+}
rCorr    .         Harm     .   (no gloves)
MR       +....                  (no boots)
Stlth    ..........             (no amulet)
HPRegen  0.19/turn              t - ring of flight
MPRegen  0.11/turn              r - ring of see invisible

@: no status effects
A: negative energy resistance 1, electricity resistance, unbreathing,
petrification resistance, rot immunity, AC +6
a: Berserk, Trog's Hand, Brothers in Arms, Renounce Religion, Evoke Flight


You were on level 8 of the Dungeon.
You worshipped Trog.
Trog was greatly pleased with you.
You were not hungry.

You visited 2 branches of the dungeon, and saw 9 of its levels.

You collected 294 gold pieces.

Inventory:

Hand Weapons
 a - a +0 war axe (weapon)
 x - a +2 hand axe of flaming
Armour
 b - a +0 plate armour (worn)
 k - a +0 cloak of magic resistance (worn)
Jewellery
 r - a ring of see invisible (right hand)
 t - a ring of flight (left hand)
 C - an uncursed ring of ice {unknown}
Wands
 l - a wand of flame (18)
 D - a wand of random effects (13)
Scrolls
 d - 11 scrolls of identify {unknown}
 e - 5 scrolls of noise {unknown}
 h - 5 scrolls of fog {unknown}
 s - a scroll of blinking {unknown}
 y - a scroll of remove curse {unknown}
 z - 2 scrolls of enchant weapon {unknown}
 A - 3 scrolls of teleportation {unknown}
 B - a scroll of amnesia {unknown}
Potions
 f - 2 potions of magic {unknown}
 g - 3 potions of mutation {unknown}
 i - 3 potions of agility {unknown}
 j - 5 potions of heal wounds {unknown}
 m - a potion of ambrosia {unknown}
 n - 2 potions of lignification {unknown}
 o - 3 potions of flight {unknown}
 p - a potion of might {unknown}
 q - 2 potions of haste {unknown}
 u - 3 potions of curing {unknown}
 v - 4 potions of degeneration {unknown}
 w - a potion of cancellation {unknown}
 F - a potion of invisibility {unknown}
 G - a potion of brilliance {unknown}
Comestibles
 c - 10 rations
 E - 3 chunks of flesh


   Skills:
 + Level 7.5 Fighting
 + Level 6.2 Axes
 + Level 7.0 Armour
 + Level 5.2 Dodging


You had 8 spell levels left.
You didn't know any spells.
Your spell library was empty.

Dungeon Overview and Level Annotations

Branches:
Dungeon (8/15)             Temple (1/1) D:4
   Lair: D:8-11

Altars:
Ashenzari
Dithmenos
Fedhas
Gozag
Makhleb
Nemelex Xobeh
Sif Muna
Vehumet
Wu Jian
Xom
The Shining One

Annotations:
D:5 2 transporters, bande's ghost, amateur GnWn


Innate Abilities, Weirdness & Mutations

You are resistant to torment.
Your stone body is resilient. (AC +6)
You are immune to poison.
You resist negative energy. (rN+)
You are resistant to electric shocks. (rElec)
You can survive without breathing.
You are immune to petrification.
You are immune to rotting.


Message History

The orc is almost dead.
You hit the orc. The orc hits you but does no damage.
You slash the orc!
You kill the orc!
Trog accepts your kill.
You slash the orc!
You kill the orc!
Trog accepts your kill.
You closely miss the orc. The orc hits you with a +0 flail.
You hit the orc but do no damage. The orc barely misses you.
A black bear comes into view.
The black bear growls angrily.
You slash the orc!
You kill the orc!
Trog accepts your kill.
The cyclops throws a large rock.
The large rock hits you!!
You hear the faint creaking of a portcullis.
The cyclops throws a large rock.
The large rock hits you!!!
Ouch! That really hurt!
You die...

...# #..# .≈≈ #..## .≈#
#...######## .≈#
............ .≈#
##.#.###### .≈#
##.#..## ##C≈#####
...##..#### #.h≈≈≈≈≈≈
##..##....## ##@.......
#...####..####).#####.#
#.#...###.....().......
#..##..##.>...######..#
###.###....###...#
........#... ###..#
###.#######. #.# #.# ..
... ###.## #. #..


You could see a cyclops and a black bear.

Vanquished Creatures
  Duvessa (D:6)
  A sky beast (D:6)
  2 black bears
  An orc warrior (D:6)
  2 ice beasts
  2 ogres
  2 centaurs
  4 bullfrogs
  Dowan (D:6)
  A scorpion (D:6)
  A wight (D:6)
  A howler monkey (D:5)
  2 crimson imps
  2 hounds
  A bullfrog zombie (D:6)
  A centaur zombie (D:5)
  2 jellies (D:6)
  A quasit (D:6)
  2 centaur skeletons
  2 orc priests (D:5)
  An iguana (D:5)
  Natasha (thrice) (D:2)
  5 worker ants
  A hound zombie (D:6)
  2 howler monkey skeletons
  Robin (D:2)
  3 gnolls (D:4)
  6 adders
  2 adder zombies
  An adder skeleton (D:6)
  A worm (D:2)
  3 dart slugs (D:3)
  5 leopard geckos
  22 orcs
  3 ball pythons
  10 giant cockroaches
  19 goblins
  6 hobgoblins
  11 jackals
  A quokka (D:5)
  7 bats
  4 frilled lizards
  6 kobolds
  5 rats
160 creatures vanquished.

Notes
Turn   | Place    | Note
-------+----------+-------------------------------------------
     0 | D:1      | Fang the Gargoyle Berserker began the quest for the Orb.
     0 | D:1      | Reached XP level 1. HP: 14/14 MP: 1/1
   187 | D:1      | Reached XP level 2. HP: 12/19 MP: 2/2
   544 | D:1      | Found a sparkling altar of Nemelex Xobeh.
   672 | D:2      | Found a faded altar of an unknown god.
   692 | D:2      | Noticed Robin
   705 | D:2      | Reached XP level 3. HP: 23/23 MP: 3/3
   710 | D:2      | Killed Robin
   722 | D:2      | Reached ** piety under Trog
   798 | D:2      | Reached XP level 4. HP: 20/29 MP: 4/4
   877 | D:2      | Noticed Natasha
   887 | D:2      | Killed Natasha
  1084 | D:2      | Noticed Natasha
  1097 | D:2      | Killed Natasha
  1097 | D:2      | Reached XP level 5. HP: 25/33 MP: 5/5
  1361 | D:2      | Found a radiant altar of Vehumet.
  1362 | D:2      | Noticed Natasha
  1377 | D:2      | Killed Natasha
  2087 | D:3      | Reached XP level 6. HP: 39/39 MP: 6/6
  2150 | D:3      | Found a shattered altar of Ashenzari.
  2433 | D:4      | Reached *** piety under Trog
  2953 | D:4      | Reached skill level 5 in Fighting
  3021 | D:4      | Found a staircase to the Ecumenical Temple.
  3029 | Temple   | Entered the Ecumenical Temple
  3280 | D:5      | Entered Level 5 of the Dungeon
  3317 | D:5      | Noticed an ice beast
  3333 | D:5      | Killed an ice beast
  3333 | D:5      | Reached XP level 7. HP: 42/44 MP: 7/7
  3571 | D:5      | Found an opulent altar of Gozag.
  3590 | D:5      | Reached skill level 5 in Armour
  3890 | D:5      | Found a transporter.
  3895 | D:5      | Found a transporter.
  3895 | D:5      | Noticed bande's ghost (amateur GnWn)
  3897 | D:5      | Noticed a hungry ghost
  3913 | D:5      | Reached XP level 8. HP: 51/51 MP: 8/8
  4429 | D:6      | Found a sparkling altar of Nemelex Xobeh.
  4437 | D:6      | Reached skill level 5 in Axes
  4717 | D:6      | Noticed Duvessa
  4717 | D:6      | Noticed Dowan
  4733 | D:6      | Killed Duvessa
  4744 | D:6      | Killed Dowan
  5405 | D:6      | Reached **** piety under Trog
  5774 | D:6      | Reached XP level 9. HP: 57/57 MP: 9/9
  5799 | D:6      | Found a shimmering altar of Xom.
  5869 | D:6      | Reached skill level 5 in Dodging
  6784 | D:7      | Found a shadowy altar of Dithmenos.
  6899 | D:8      | Noticed a cyclops
  6906 | D:8      | Hit by a large rock thrown by a cyclops

Skill      XL: |  1  2  3  4  5  6  7  8  9 |
---------------+----------------------------+-----
Axes           | 3 4 5 6 |  6.2
Dodging        | 2 3 4 5 |  5.2
Armour         | 3 4 5 6 7 |  7.0
Fighting       | 4 5 7 |  7.5

Action                   |  1- 3 |  4- 6 |  7- 9 || total
-------------------------+-------+-------+-------++-------
Melee: Hand axe          |    84 |   258 |       ||   342
       War axe           |       |    13 |   304 ||   317
Invok: Berserk           |     1 |     3 |     3 ||     7
  Eat: Chunk             |     1 |    11 |    12 ||    24
       Ration            |       |       |     1 ||     1
Armor: Animal skin       |    38 |    21 |       ||    59
       Chain mail        |       |   150 |   102 ||   252
       Plate armour      |       |       |   166 ||   166
Dodge: Dodged            |    64 |   149 |   166 ||   379
